 Dungeon Crawl Stone Soup version 0.26-a0-830-g2a559e7be2 (webtiles) character file.

Game seed: 17862735578465150640

22 Morbidden the Charlatan (level 2, -1/21 HPs)
             Began as a Demonspawn Artificer on Nov 15, 2020.
             Killed themself with a badly aimed iceblast (8 damage)
             ... on level 2 of the Dungeon.
             The game lasted 00:01:30 (1150 turns).

Morbidden the Charlatan (Demonspawn Artificer)      Turns: 1150, Time: 00:01:32

Health: -1/21      AC:  2    Str: 12    XL:     2   Next: 68%
Magic:  2/2        EV: 12    Int: 12    God:
Gold:   34         SH:  0    Dex: 13    Spells: 1/1 levels left

rFire    . . .     SeeInvis .   n - -1 falchion (curse)
rCold    . . .     Faith    .   (no shield)
rNeg     . . .     Spirit   .   m - +0 robe (curse)
rPois    .         Reflect  .   (no helmet)
rElec    .         Harm     .   (no cloak)
rCorr    .         Rampage  .   (no gloves)
MR       .....                  (no boots)
Stlth    ++........             (no amulet)
HPRegen  0.07/turn              (no ring)
MPRegen  0.08/turn              (no ring)

@: no status effects
A: talons 1
a: no special abilities


You were on level 2 of the Dungeon.
You visited 1 branch of the dungeon, and saw 2 of its levels.

You collected 34 gold pieces.

Inventory:

Hand Weapons
 a - a +0 club
 n - a cursed -1 falchion (weapon)
Missiles
 l - 15 poisoned darts (quivered)
Armour
 b - a +0 leather armour
 m - a cursed +0 robe (worn)
Wands
 c - a wand of flame (15)
 d - a wand of enslavement (15)
 e - a wand of random effects (13)
Scrolls
 j - a scroll of blinking
Potions
 h - a potion of ambrosia {unknown}
 i - a potion of brilliance {unknown}


   Skills:
 * Level 1.4 Fighting
 + Level 0.1 Maces & Flails
 + Level 2.1 Armour
 + Level 1.1 Dodging
 + Level 0.9 Stealth
 + Level 3.4 Evocations


You had one spell level left.
You didn't know any spells.
Your spell library was empty.

Dungeon Overview and Level Annotations

Branches:
Dungeon (2/15)

Altars:
Okawaru

Annotations:
D:2 Terence


Innate Abilities, Weirdness & Mutations

You have sharp toenails.


Message History

* * * LOW HITPOINT WARNING * * *
Unknown command.
Terence asks, "Do you want it fast or slow?"
Found a falchion.
Evoke which item? (* to show all) (? for menu, Esc to quit)
Aiming: Random Effects
Press: ? - help, Shift-Dir - straight line, f/p - Terence
Aim: Terence, wielding a +0 mace and wearing a +0 scale mail Terence struggles to resist.
Terence hits you but does no damage.
Unknown command.
Terence is nearby!
Terence is nearby!
Evoke which item? (* to show all) (? for menu, Esc to quit)
Aiming: Random Effects
Press: ? - help, Shift-Dir - straight line, f/p - Terence
Aim: Terence, wielding a +0 mace and wearing a +0 scale mail The mass of ice explodes!
The iceblast engulfs Terence!
Terence is severely wounded.
The iceblast engulfs you!
You die...

.#........†.....#
..................
..######.#.....###
#.#.....#
.######.#######
.)......#
######..#######
#.@.......
##@####### #.# #.#
#<# #.# #.. ####


You could see Terence.

Vanquished Creatures
  A dart slug (D:2)
  A giant cockroach (D:1)
  2 hobgoblins (D:1)
  9 bats
  A frilled lizard (D:1)
  A kobold (D:1)
  6 rats (D:1)
21 creatures vanquished.

Notes
Turn   | Place    | Note
-------+----------+-------------------------------------------
     0 | D:1      | Morbidden the Demonspawn Artificer began the quest for the
                  | Orb.
     0 | D:1      | Reached XP level 1. HP: 15/15 MP: 1/1
   346 | D:1      | Gained mutation: You have sharp toenails. [demonic
                  | ancestry]
   346 | D:1      | Reached XP level 2. HP: 21/21 MP: 2/2
   828 | D:1      | Reached skill level 1 in Dodging
  1071 | D:2      | Noticed Terence
  1096 | D:2      | Found an iron altar of Okawaru.
  1150 | D:2      | Killed themself with a badly aimed iceblast

Illustrated notes

Levels and vault maps discovered:
D:1:      ncdulo_lavacross, layout_loops_ring
D:2:      layout_loops_ring, okawaru_ov_weapons_minmay, uniq_natasha,
          uniq_terence, uniq_robin

Skill      XL: |  1  2 |
---------------+-------+-----
Armour         | 2 |  2.1
Dodging        | 1 |  1.1
Fighting       | |  1.4
Maces & Flails | |  0.1
Stealth        | |  0.9
Evocations     | |  3.4

Action                   || total
-------------------------++-------
Melee: Club              ||    71
       Kick              ||    12
       Falchion          ||     3
Evoke: Wand              ||     2
  Use: Scroll            ||     3
 Stab: Sleeping          ||     1
Armor: Leather armour    ||    29
       Robe              ||     1
Dodge: Dodged            ||    76
       Rpst.: Falchion   ||     2

Table legend: (Time is in decaauts)
 A = Elapsed time spent in this place.
 B = Non-inter-level travel time spent in this place.
 C = Inter-level travel time spent in this place.
 D = Time resting spent in this place.
 E = Time spent auto-exploring this place.
 F = Levels seen in this place.
 G = Mean time per level.
                   A        B        C        D        E       F      G
               +--------+--------+--------+--------+--------+-----+--------+
         Total |   1172 |   1150 |     22 |      0 |    914 |   2 |  586.0 |
       Dungeon |   1172 |   1150 |     22 |      0 |    914 |   2 |  586.0 |
               +--------+--------+--------+--------+--------+-----+--------+

Top non-repeatable levels by time:
     D:1: 1112 daAuts
     D:2: 59 daAuts
